 Dungeon Crawl Stone Soup version 0.21.1-1-g345015f (webtiles) character file.

15475 wilfster70 the Covert (level 12, -3/81 HPs)
             Began as a Gnoll Enchanter on Apr 6, 2018.
             Was an Elder of Vehumet.
             Slain by an eight-headed hydra (5 damage)
             ... on level 2 of the Lair of Beasts on May 2, 2018.
             The game lasted 01:18:25 (14868 turns).

wilfster70 the Covert (Gnoll Enchanter)            Turns: 14868, Time: 01:18:26

Health: -3/81      AC: 15    Str: 15    XL:     12   Next: 27%
Magic:  15/24      EV: 17    Int: 24    God:    Vehumet [****..]
Gold:   664        SH:  8    Dex: 17    Spells: 4/28 levels left

rFire    + . .     SeeInvis .   a - +5 dagger
rCold    + . .     Gourm    +   t - +2 buckler {AC+3}
rNeg     + . .     Faith    .   k - +3 leather armour {rPois}
rPois    +         Spirit   .   (no helmet)
rElec    .         Reflect  .   E - +0 cloak "Dyenupt" {Str+5}
rCorr    .         Harm     .   v - +0 pair of gloves
MR       .....                  H - +2 pair of boots
Stlth    ++++......             y - amulet of the gourmand
HPRegen  0.00/turn              j - ring of protection from fire
MPRegen  0.19/turn              q - ring of positive energy

@: no status effects
A: distributed training, fangs 1, clever 1, cold resistance 1, frail 1,
inhibited regeneration, strong nose
a: Renounce Religion


You were on level 2 of the Lair of Beasts.
You worshipped Vehumet.
Vehumet was greatly pleased with you.
You were full.

You visited 2 branches of the dungeon, and saw 14 of its levels.

You collected 664 gold pieces.

Inventory:

Hand Weapons
 a - a +5 dagger (weapon)
 b - a +0 flail of electrocution
Missiles
 h - 452 stones (quivered)
Armour
 k - a +3 leather armour of poison resistance (worn)
 t - a +2 buckler of protection (worn)
 v - a +0 pair of gloves (worn)
 E - the +0 cloak "Dyenupt" (worn) {Str+5}
   (You found it on level 7 of the Dungeon)

   It affects your strength (+5).
 G - a +0 helmet
 H - a +2 pair of boots (worn)
Jewellery
 j - a ring of protection from fire (left hand)
 q - a ring of positive energy (right hand)
 w - an uncursed ring of flight
 y - an amulet of the gourmand (around neck)
Wands
 u - a wand of disintegration (14)
 I - a wand of polymorph (11)
 K - a wand of flame (17)
Scrolls
 g - 8 scrolls of teleportation
 m - a scroll of fog
 n - a scroll of magic mapping
 p - 11 scrolls of remove curse
 s - 2 scrolls of blinking
 C - 2 scrolls of fear
 J - a scroll of enchant weapon
Potions
 e - 3 potions of heal wounds
 f - a potion of agility
 i - 2 potions of lignification
 l - a potion of flight {unknown}
 o - a potion of magic {unknown}
 r - 3 potions of curing
 x - a potion of haste
 A - 4 potions of brilliance
 B - a potion of ambrosia {unknown}
Books
 c - a book of Maledictions

   Spells                             Type                      Level
   a - Corona                         Hexes                        1
   b - Ensorcelled Hibernation        Hexes/Ice                    2
   c - Confuse                        Hexes                        3
   d - Tukima's Dance                 Hexes                        3
   e - Dazzling Spray                 Conjuration/Hexes            3
 F - a book of Necromancy

   Spells                             Type                      Level
   a - Pain                           Necromancy                   1
   b - Animate Skeleton               Necromancy                   1
   c - Vampiric Draining              Necromancy                   3
   d - Regeneration                   Charms/Necromancy            3
   e - Animate Dead                   Necromancy                   4
   f - Borgnjor's Vile Clutch         Necromancy/Earth             5
Comestibles
 d - 33 rations


   Skills:
 + Level 7.0 Fighting
 + Level 7.5 Short Blades
 + Level 7.0 Long Blades
 + Level 7.0 Axes
 + Level 7.0 Maces & Flails
 + Level 7.0 Polearms
 + Level 7.0 Staves
 + Level 7.0 Slings
 + Level 7.0 Bows
 + Level 7.0 Crossbows
 + Level 7.0 Throwing
 + Level 7.0 Armour
 + Level 8.4 Dodging
 + Level 9.3 Stealth
 + Level 7.0 Shields
 + Level 7.0 Unarmed Combat
 + Level 8.7 Spellcasting
 + Level 5.8 Conjurations
 + Level 8.1 Hexes
 + Level 5.8 Charms
 + Level 5.8 Summonings
 + Level 5.8 Necromancy
 + Level 5.8 Translocations
 + Level 5.8 Transmutations
 + Level 5.8 Fire Magic
 + Level 5.8 Ice Magic
 + Level 5.8 Air Magic
 + Level 5.8 Earth Magic
 + Level 5.8 Poison Magic
 + Level 7.7 Invocations
 + Level 7.0 Evocations


You had 4 spell levels left.
You knew the following spells:

 Your Spells              Type           Power        Failure   Level  Hunger
a - Sandblast             Erth           #####.       1%          1    None
b - Ensorcelled Hibernat  Hex/Ice        #####.       1%          2    None
c - Confuse               Hex            #####...     1%          3    None
d - Sting                 Conj/Pois      ####         1%          1    None
e - Mephitic Cloud        Conj/Pois/Air  #####...     1%          3    None
f - Borgnjor's Vile Clut  Necr/Erth      #####.....   19%         5    ####...
g - Animate Dead          Necr           N/A          6%          4    ##.....
h - Lee's Rapid Deconstr  Erth           #####.....   5%          5    ####...


Dungeon Overview and Level Annotations

Branches:
Dungeon (12/15)            Temple (0/1) D:5            Lair (2/6) D:11
    Orc (0/2) D:11
  Swamp: Lair:2-4    Shoals: Lair:2-4     Snake: Lair:2-4    Spider: Lair:2-4

Altars:
Ashenzari
Elyvilon
Okawaru
Qazlal
Sif Muna
Trog
Uskayaw
Vehumet
Wu Jian
Yredelemnul
Zin
The Shining One

Portals:
Trove: D:12 (give +4 demon blade)

Annotations:
D:12 +4 demon blade


Innate Abilities, Weirdness & Mutations

Your experience applies equally to all skills.
You have very sharp teeth.
Your uncanny sense of smell can sniff out nearby items.
Your mind is acute. (Int +2)
Your flesh is cold resistant. (rC+)
You are frail. (-10% HP)
You do not regenerate when monsters are visible.


Message History

You feel much better.
You block the eight-headed hydra's attack.
The eight-headed hydra bites you but does no damage.
The eight-headed hydra bites you! x2
* * * LOW HITPOINT WARNING * * *
The eight-headed hydra bites you but does no damage.
The eight-headed hydra bites you!
* * * LOW HITPOINT WARNING * * *
The eight-headed hydra barely misses you.
The eight-headed hydra bites you!
* * * LOW HITPOINT WARNING * * *
Casting: Ensorcelled Hibernation
Confirm with . or Enter, or press ? or * to list all spells.
Aiming: Ensorcelled Hibernation
Press: ? - help, Shift-Dir - straight line, f/p - eight-headed hydra
Aim: an eight-headed hydra (almost dead, chance to defeat MR: 34%)
The eight-headed hydra easily resists.
You block the eight-headed hydra's attack.
The eight-headed hydra bites you.
You die...

....[#### ##.# .#...
###..# #.# #..... P..#
#.###...# ≈ ....# ##
#..#P.#.# ≈≈
###.##.#P.##.....).###≈≈≈
#.. ....P....P#..!P.≈≈≈
#.. P##......##......≈≈
#..###.#.......≈≈
#.......@D..P#
..###..?#...### ###
#####.### ###


You could see an eight-headed hydra.

Vanquished Creatures
  2 two-headed ogres (D:11)
  2 death yaks (Lair:1)
  A cyclops (D:10)
  A spiny frog (Lair:2)
  A komodo dragon (Lair:1)
  A troll (D:8)
  Grinder (D:6)
  A slime creature (D:7)
  A meliai zombie (D:10)
  20 yaks
  A wyvern (D:9)
  2 hungry ghosts
  Grum (Lair:1)
  2 basilisks (Lair:1)
  2 hell hounds (D:11)
  Duvessa (D:7)
  2 water moccasins
  2 black bears
  4 orc warriors
  A porcupine (Lair:1)
  A sky beast (D:9)
  3 ice beasts
  3 phantoms
  A necrophage (D:9)
  The ghost of Iko the Skirmisher, an amateur FoAK of Lugonu (D:4)
  4 wolves (D:11)
  3 ogres
  7 centaurs
  8 crocodiles
  15 bullfrogs
  2 big kobolds
  A gnoll sergeant (D:8)
  A wyvern skeleton (D:8)
  3 scorpions
  Dowan (D:7)
  4 wights
  A howler monkey (D:7)
  8 crimson imps
  A quasit (D:11)
  2 bullfrog zombies
  5 hounds
  A centaur zombie (D:7)
  A bullfrog skeleton (D:8)
  6 orc priests
  A gnoll shaman (D:7)
  4 centaur skeletons
  4 jellies
  11 orc wizards
  10 worker ants
  Natasha (thrice) (D:3)
  3 hound skeletons
  A worker ant zombie (D:9)
  13 adders
  20 gnolls
  4 shadow imps
  An adder skeleton (D:7)
  2 adder zombies (D:5)
  A worm (D:3)
  4 dart slugs
  10 leopard geckos
  34 orcs
  2 ball pythons
  6 giant cockroaches
  5 goblins
  4 hobgoblins
  10 jackals
  18 kobolds
  5 quokkas
  6 bats
  4 frilled lizards
  A jackal zombie (D:9)
  A leopard gecko zombie (D:8)
  10 rats
330 creatures vanquished.

Notes
Turn   | Place    | Note
-------+----------+-------------------------------------------
     0 | D:1      | wilfster70 the Gnoll Enchanter began the quest for the Orb.
     0 | D:1      | Reached XP level 1. HP: 13/13 MP: 6/6
    70 | D:1      | Reached XP level 2. HP: 14/19 MP: 7/7
    81 | D:1      | Learned a level 2 spell: Ensorcelled Hibernation
   865 | D:2      | Reached XP level 3. HP: 25/25 MP: 9/9
   870 | D:2      | Learned a level 3 spell: Confuse
   927 | D:2      | Reached skill level 5 in Spellcasting
   984 | D:2      | Reached skill level 6 in Stealth
   998 | D:2      | Reached skill level 1 in Invocations
  1205 | D:2      | Reached skill level 1 in Fighting
  1205 | D:2      | Reached skill level 1 in Long Blades
  1205 | D:2      | Reached skill level 1 in Axes
  1205 | D:2      | Reached skill level 1 in Maces & Flails
  1205 | D:2      | Reached skill level 1 in Polearms
  1205 | D:2      | Reached skill level 1 in Staves
  1205 | D:2      | Reached skill level 1 in Slings
  1205 | D:2      | Reached skill level 1 in Bows
  1205 | D:2      | Reached skill level 1 in Crossbows
  1205 | D:2      | Reached skill level 1 in Throwing
  1205 | D:2      | Reached skill level 1 in Armour
  1205 | D:2      | Reached skill level 1 in Shields
  1205 | D:2      | Reached skill level 1 in Unarmed Combat
  1205 | D:2      | Reached skill level 1 in Evocations
  1205 | D:2      | Reached XP level 4. HP: 20/32 MP: 0/11
  1597 | D:3      | Noticed Natasha
  1603 | D:2      | Reached skill level 1 in Conjurations
  1603 | D:2      | Reached skill level 1 in Charms
  1603 | D:2      | Reached skill level 1 in Summonings
  1603 | D:2      | Reached skill level 1 in Necromancy
  1603 | D:2      | Reached skill level 1 in Translocations
  1603 | D:2      | Reached skill level 1 in Transmutations
  1603 | D:2      | Reached skill level 1 in Fire Magic
  1603 | D:2      | Reached skill level 1 in Ice Magic
  1603 | D:2      | Reached skill level 1 in Air Magic
  1603 | D:2      | Reached skill level 1 in Earth Magic
  1603 | D:2      | Reached skill level 1 in Poison Magic
  1720 | D:2      | Reached XP level 5. HP: 23/37 MP: 6/12
  1912 | D:3      | Killed Natasha
  2067 | D:3      | Found a stormy altar of Qazlal.
  2067 | D:3      | Found a white marble altar of Elyvilon.
  2075 | D:3      | Noticed Natasha
  2081 | D:3      | Killed Natasha
  2094 | D:3      | Found a bloodstained altar of Trog.
  2097 | D:3      | Found a glowing golden altar of the Shining One.
  2282 | D:3      | Found a radiant altar of Vehumet.
  2288 | D:3      | Noticed Natasha
  2295 | D:3      | Killed Natasha
  2295 | D:3      | Reached XP level 6. HP: 35/44 MP: 3/13
  2399 | D:3      | Became a worshipper of Vehumet
  2661 | D:3      | Found a basalt altar of Yredelemnul.
  2859 | D:4      | Reached skill level 5 in Dodging
  3171 | D:4      | Reached XP level 7. HP: 48/50 MP: 7/15
  3401 | D:4      | Reached * piety under Vehumet
  3401 | D:4      | Offered knowledge of Sting by Vehumet.
  3750 | D:4      | Found an iron altar of Okawaru.
  3754 | D:4      | Noticed Iko's ghost (amateur FoAK)
  3754 | D:4      | Found a deep blue altar of Sif Muna.
  3838 | D:4      | Killed Iko's ghost
  4164 | D:5      | Entered Level 5 of the Dungeon
  4166 | D:5      | Reached XP level 8. HP: 57/57 MP: 16/16
  4249 | D:5      | Learned a level 1 spell: Sting
  4302 | D:5      | Found a hide-covered altar of Uskayaw.
  4984 | D:5      | Found an ornate altar of the Wu Jian Council.
  4985 | D:5      | Found a staircase to the Ecumenical Temple.
  4988 | D:5      | Found a shattered altar of Ashenzari.
  5256 | D:6      | Offered knowledge of Sandblast by Vehumet.
  5256 | D:6      | Reached skill level 7 in Stealth
  5279 | D:6      | Learned a level 1 spell: Sandblast
  5310 | D:6      | Reached ** piety under Vehumet
  5626 | D:6      | Noticed Grinder
  5637 | D:6      | Paralysed by Grinder for 4 turns
  5652 | D:6      | Killed Grinder
  5737 | D:6      | Reached XP level 9. HP: 64/65 MP: 9/18
  6671 | D:7      | Noticed Duvessa
  6671 | D:7      | Noticed Dowan
  6678 | D:7      | Killed Dowan
  6678 | D:7      | Reached skill level 5 in Short Blades
  6701 | D:7      | Killed Duvessa
  7097 | D:7      | Offered knowledge of Inner Flame by Vehumet.
  7523 | D:7      | Reached skill level 5 in Invocations
  7759 | D:7      | Reached *** piety under Vehumet
  7816 | D:7      | Paralysed by a big kobold for 6 turns
  7831 | D:7      | Paralysed by a big kobold for 3 turns
  7835 | D:7      | Reached XP level 10. HP: 73/73 MP: 15/20
  7965 | D:7      | Got a warped cloak
  7976 | D:7      | Identified the +0 cloak "Dyenupt" {Str+5} (You found it on level 7 of the Dungeon)
  8307 | D:8      | Reached skill level 5 in Fighting
  8307 | D:8      | Reached skill level 5 in Long Blades
  8307 | D:8      | Reached skill level 5 in Axes
  8307 | D:8      | Reached skill level 5 in Maces & Flails
  8307 | D:8      | Reached skill level 5 in Polearms
  8307 | D:8      | Reached skill level 5 in Staves
  8307 | D:8      | Reached skill level 5 in Slings
  8307 | D:8      | Reached skill level 5 in Bows
  8307 | D:8      | Reached skill level 5 in Crossbows
  8307 | D:8      | Reached skill level 5 in Throwing
  8307 | D:8      | Reached skill level 5 in Armour
  8307 | D:8      | Reached skill level 5 in Shields
  8307 | D:8      | Reached skill level 5 in Unarmed Combat
  8307 | D:8      | Reached skill level 5 in Evocations
  8437 | D:8      | Offered knowledge of Mephitic Cloud by Vehumet.
  8442 | D:8      | Learned a level 3 spell: Mephitic Cloud
  8716 | D:8      | Found a glowing silver altar of Zin.
  8716 | D:8      | Noticed an angel
  9192 | D:8      | Reached skill level 8 in Stealth
  9682 | D:9      | Reached **** piety under Vehumet
  9806 | D:9      | Learned a level 5 spell: Borgnjor's Vile Clutch
  9811 | D:9      | Learned a level 4 spell: Animate Dead
 10053 | D:10     | Entered Level 10 of the Dungeon
 10233 | D:10     | Offered knowledge of Lee's Rapid Deconstruction by Vehumet.
 10478 | D:10     | Noticed a cyclops
 10489 | D:10     | Killed a cyclops
 10988 | D:10     | Reached XP level 11. HP: 81/81 MP: 17/22
 11377 | D:11     | Learned a level 5 spell: Lee's Rapid Deconstruction
 11387 | D:11     | Found a staircase to the Orcish Mines.
 11474 | D:11     | Found a staircase to the Lair.
 11496 | D:11     | Noticed a two-headed ogre
 11867 | D:11     | Killed a two-headed ogre
 11867 | D:11     | Reached skill level 5 in Conjurations
 11867 | D:11     | Reached skill level 5 in Charms
 11867 | D:11     | Reached skill level 5 in Summonings
 11867 | D:11     | Reached skill level 5 in Necromancy
 11867 | D:11     | Reached skill level 5 in Translocations
 11867 | D:11     | Reached skill level 5 in Transmutations
 11867 | D:11     | Reached skill level 5 in Fire Magic
 11867 | D:11     | Reached skill level 5 in Ice Magic
 11867 | D:11     | Reached skill level 5 in Air Magic
 11867 | D:11     | Reached skill level 5 in Earth Magic
 11867 | D:11     | Reached skill level 5 in Poison Magic
 11896 | Lair:1   | Entered Level 1 of the Lair of Beasts
 12161 | Lair:1   | Noticed Grum
 12319 | Lair:1   | Reached ***** piety under Vehumet
 12379 | D:11     | Offered knowledge of Iron Shot by Vehumet.
 12725 | D:11     | Noticed a two-headed ogre
 12743 | D:11     | Killed a two-headed ogre
 12965 | D:11     | Reached skill level 9 in Stealth
 13409 | D:12     | Found a portal to a secret trove of treasure.
 13510 | D:12     | Noticed a two-headed ogre
 13512 | D:12     | Noticed a vampire knight
 13593 | Lair:1   | Reached XP level 12. HP: 77/89 MP: 19/24
 13649 | Lair:1   | Killed Grum
 14080 | Lair:2   | Noticed a death yak
 14089 | Lair:2   | Noticed a death yak
 14090 | Lair:2   | Noticed a death yak
 14090 | Lair:2   | Noticed a death yak
 14091 | Lair:2   | Noticed a death yak
 14123 | Lair:1   | HP: 4/89 [death yak (20)]
 14125 | Lair:1   | Killed a death yak
 14424 | Lair:1   | Killed a death yak
 14661 | Lair:2   | Gained mutation: You are dopey. (Int -2) [potion of mutation]
 14661 | Lair:2   | Gained mutation: You are partially covered in yellow scales. (AC +2) [potion of mutation]
 14662 | Lair:2   | Lost mutation: You are dopey. (Int -2) [potion of mutation]
 14662 | Lair:2   | Lost mutation: You are partially covered in yellow scales. (AC +2) [potion of mutation]
 14662 | Lair:2   | Gained mutation: You are clumsy. (Dex -2) [potion of mutation]
 14662 | Lair:2   | Gained mutation: You do not regenerate when monsters are visible. [potion of mutation]
 14662 | Lair:2   | Gained mutation: Your body sometimes deteriorates upon taking damage. [potion of mutation]
 14662 | Lair:2   | Gained mutation: You have a pair of small horns on your head. [potion of mutation]
 14663 | Lair:2   | Lost mutation: You have a pair of small horns on your head. [potion of mutation]
 14663 | Lair:2   | Lost mutation: Your body sometimes deteriorates upon taking damage. [potion of mutation]
 14663 | Lair:2   | Lost mutation: You are clumsy. (Dex -2) [potion of mutation]
 14663 | Lair:2   | Gained mutation: You are frail. (-10% HP) [potion of mutation]
 14663 | Lair:2   | Gained mutation: Your mind is acute. (Int +2) [potion of mutation]
 14663 | Lair:2   | Gained mutation: Your flesh is cold resistant. (rC+) [potion of mutation]
 14855 | Lair:2   | Noticed an eight-headed hydra
 14867 | Lair:2   | HP: 2/81 [eight-headed hydra (8)]
 14868 | Lair:2   | Slain by an eight-headed hydra

Skill      XL: |  1  2  3  4  5  6  7  8  9 10 11 12 |
---------------+-------------------------------------+-----
Spellcasting   | 5 6 7 8 |  8.7
Stealth        | 6 7 8 9 |  9.3
Invocations    | 1 2 3 4 5 6 7 |  7.7
Fighting       | 1 2 3 4 5 6 7 |  7.0
Long Blades    | 1 2 3 4 5 6 7 |  7.0
Axes           | 1 2 3 4 5 6 7 |  7.0
Maces & Flails | 1 2 3 4 5 6 7 |  7.0
Polearms       | 1 2 3 4 5 6 7 |  7.0
Staves         | 1 2 3 4 5 6 7 |  7.0
Slings         | 1 2 3 4 5 6 7 |  7.0
Bows           | 1 2 3 4 5 6 7 |  7.0
Crossbows      | 1 2 3 4 5 6 7 |  7.0
Throwing       | 1 2 3 4 5 6 7 |  7.0
Armour         | 1 2 3 4 5 6 7 |  7.0
Shields        | 1 2 3 4 5 6 7 |  7.0
Unarmed Combat | 1 2 3 4 5 6 7 |  7.0
Evocations     | 1 2 3 4 5 6 7 |  7.0
Conjurations   | 1 2 3 4 5 |  5.8
Charms         | 1 2 3 4 5 |  5.8
Summonings     | 1 2 3 4 5 |  5.8
Necromancy     | 1 2 3 4 5 |  5.8
Translocations | 1 2 3 4 5 |  5.8
Transmutations | 1 2 3 4 5 |  5.8
Fire Magic     | 1 2 3 4 5 |  5.8
Ice Magic      | 1 2 3 4 5 |  5.8
Air Magic      | 1 2 3 4 5 |  5.8
Earth Magic    | 1 2 3 4 5 |  5.8
Poison Magic   | 1 2 3 4 5 |  5.8
Short Blades   | 3 4 5 6 7 |  7.5
Dodging        | 5 6 7 8 |  8.4
Hexes          | 6 7 8 |  8.1

Action                   |  1- 3 |  4- 6 |  7- 9 | 10-12 || total
-------------------------+-------+-------+-------+-------++-------
Melee: Dagger            |    76 |    69 |   229 |   228 ||   602
       Bite              |     6 |     2 |    26 |    35 ||    69
       Flail             |       |       |    63 |    91 ||   154
       Unarmed           |       |       |       |     2 ||     2
Throw: Stone             |       |     1 |       |       ||     1
 Cast: Ensorcelled Hiber |    18 |    58 |   100 |   174 ||   350
       Confuse           |     3 |       |    16 |    24 ||    43
       Sandblast         |       |       |    19 |    26 ||    45
       Sting             |       |       |     3 |       ||     3
       Animate Dead      |       |       |       |     3 ||     3
  Use: Scroll            |       |     2 |    14 |    13 ||    29
       Potion            |       |       |     1 |     7 ||     8
 Stab: Sleeping          |    23 |    37 |    63 |   107 ||   230
       Confused          |       |       |    11 |    11 ||    22
       Distracted        |       |       |       |     2 ||     2
  Eat: Chunk             |     1 |     6 |    32 |    19 ||    58
       Ration            |       |       |     1 |       ||     1
Armor: Robe              |    11 |    11 |    45 |       ||    67
       Leather armour    |       |       |    18 |   100 ||   118
Dodge: Dodged            |    65 |    44 |   137 |   259 ||   505
Block: Buckler           |       |     3 |    80 |   150 ||   233
